 Dungeon Sprint DCSS version 0.20.1-1-g8b1a95d (webtiles) character file.

42 JustSomeDude the Conjurer (level 3, -5/28 HPs)
             Began as a Naga Conjurer on Nov 14, 2017.
             Slain by a scorpion (6 damage)
             ... in the Dungeon (Sprint IX: "|||||||||||||||||||||||||||||").
             The game lasted 00:01:47 (189 turns).

JustSomeDude the Conjurer (Naga Conjurer)            Turns: 189, Time: 00:01:47

Health: -5/28      AC:  2    Str: 10    XL:     3   Next: 54%
Magic:  7/7        EV: 10    Int: 16    God:
Gold:   0          SH:  0    Dex: 11    Spells: 6/7 levels left

rFire    . . .     SeeInvis +     - Unarmed
rCold    . . .     Gourm    .   (no shield)
rNeg     . . .     Faith    .   a - +0 robe
rPois    +         Spirit   .   (no helmet)
rElec    .         Reflect  .   (no cloak)
rCorr    .         Harm     .   (no gloves)
MR       .....     NoTele   +   (no barding)
Stlth    ++........             (no amulet)
Regen    0.1/turn               (no ring)
MPRegen  0.1/turn               (no ring)

@: very slightly contaminated, very slow
A: see invisible, deformed body, poison resistance, slowness 2, slow metabolism
1, spit poison 1, AC +1
a: Spit Poison


You were in the Dungeon.
You were not hungry.

You visited 1 branch

Inventory:

Armour
 a - a +0 robe (worn)
Books
 b - a book of Conjurations

   Spells                             Type                      Level
   a - Magic Dart                     Conjuration                  1
   b - Searing Ray                    Conjuration                  2
   c - Dazzling Spray                 Conjuration/Hexes            3
   d - Fulminant Prism                Conjuration/Hexes            4
   e - Force Lance                    Conjuration/Translocation    4
   f - Iskenderun's Mystic Blast      Conjuration                  4
Comestibles
 c - a bread ration
 f - 5 chunks of flesh


   Skills:
 + Level 2.2 Dodging
 + Level 4.1 Stealth
 + Level 1.1 Unarmed Combat
 + Level 2.7 Spellcasting
 + Level 6.8 Conjurations


You had 6 spell levels left.
You knew the following spells:

 Your Spells              Type           Power        Failure   Level  Hunger
a - Magic Dart            Conj           ###.         1%          1    #......


Dungeon Overview and Level Annotations

Branches:
Dungeon (1/1)

Altars:


Innate Abilities, Weirdness & Mutations

You cannot wear boots.
Your serpentine skin is tough. (AC +1)
You have supernaturally acute eyesight. (SInv)
Armour fits poorly on your strangely shaped body.
Your system is resistant to poisons. (rPois)
You cover ground very slowly.
You have a slow metabolism.
You can spit poison.


Message History

The scorpion stings you.
You hit the scorpion but do no damage.
The scorpion is moderately wounded.
You hit the scorpion but do no damage.
The scorpion is moderately wounded.
The scorpion closely misses you.
You hit the scorpion.
The scorpion is heavily wounded.
The scorpion barely misses you.
You barely miss the scorpion.
The scorpion is heavily wounded.
The scorpion stings you but does no damage.
You barely miss the scorpion.
The scorpion is heavily wounded.
The scorpion stings you!
* * * LOW HITPOINT WARNING * * *
You barely miss the scorpion.
The scorpion is heavily wounded.
The scorpion stings you.
You die... ▓▓▓▓▓▓▓▓▓▓▓▓▓▓▓▓▓▓ ▓<..@scSZ..'.scSZ+ ▓▓▓▓▓▓▓▓▓▓▓▓▓▓▓▓▓▓

You could see a centaur, a scorpion, an adder and a jackal zombie.

Vanquished Creatures
  A howler monkey (D)
  3 goblins (D)
  A hobgoblin (D)
  A rat (D)
6 creatures vanquished.

Vanquished Creatures (others)
  A spatial maelstrom (D)
1 creature vanquished.

Grand Total: 7 creatures vanquished

Notes
Turn   | Place    | Note
-------+----------+-------------------------------------------
     0 | D        | JustSomeDude the Naga Conjurer began the quest for the Orb.
     0 | D        | Reached XP level 1. HP: 15/15 MP: 3/3
     1 | D        | Banished a spatial maelstrom
    23 | D        | Reached skill level 5 in Conjurations
   156 | D        | Noticed a howler monkey
   156 | D        | Noticed a scorpion
   156 | D        | Noticed a centaur
   173 | D        | Killed a howler monkey
   173 | D        | Reached skill level 1 in Unarmed Combat
   173 | D        | Reached skill level 6 in Conjurations
   173 | D        | Reached XP level 2. HP: 21/22 MP: 1/5
   173 | D        | Reached XP level 3. HP: 27/28 MP: 1/7
   188 | D        | HP: 1/28 [scorpion (9)]
   189 | D        | Slain by a scorpion

Skill      XL: |  1 |
---------------+----+-----
Conjurations   | 6 |  6.8
Dodging        | 2 |  2.2
Stealth        | 4 |  4.1
Unarmed Combat | 1 |  1.1
Spellcasting   | |  2.7

Action                   || total
-------------------------++-------
Melee: Unarmed           ||    31
 Cast: Magic Dart        ||     7
 Abil: Spit Poison       ||     1
  Use: Potion            ||     6
       Scroll            ||     1
Armor: Robe              ||     5
Dodge: Dodged            ||    16
